 Dungeon Crawl Stone Soup version 0.30-a0-949-g53dc5368d7 (webtiles) character file.

Game seed: 14889421664279113678

777 mopl the Ruffian (level 7, -6/67 HPs)
             Began as a Troll Fighter on Mar 27, 2023.
             Mangled by a mummy (14 damage)
             ... in an ossuary.
             The game lasted 00:03:43 (2821 turns).

mopl the Ruffian (Troll Fighter)                    Turns: 2821, Time: 00:03:44

Health: -6/67      AC:  4    Str: 25    XL:     7   Next: 54%
Magic:  6/6        EV:  8    Int: 10    God:
Gold:   251        SH:  8    Dex: 11    Spells: 6/6 levels left

rFire   . . .      SeeInvis .      - Unarmed
rCold   . . .      Faith    .    b - +0 kite shield
rNeg    . . .      Spirit   .    a - +0 robe
rPois   .          Reflect  .    (helmet restricted)
rElec   .          Rampage  .    m - scarf {repulsion}
rCorr   .                        (gloves unavailable)
Will    .....                    (boots unavailable)
Stlth   +                        j - amulet of magic regeneration
HPRegen 1.11/turn                h - +6 ring of intelligence
MPRegen 0.50/turn                (no ring)

@: marked, repel missiles
A: large, unfitting armour, claws 3, regeneration 1, shaggy fur 1, tough skin 1
a: no special abilities


You were in an ossuary.
You visited 1 branch of the dungeon, and saw 5 of its levels.
You also visited: Ossuary.

You collected 251 gold pieces.

Inventory:

Hand Weapons
 k - a +0 sling
 x - a +1 whip of venom
 C - a +2 hand axe of flaming
Missiles
 i - 6 poisoned darts (quivered)
Armour
 a - a +0 robe (worn)
 b - a +0 kite shield (worn)
 m - a scarf of repulsion (worn)
Jewellery
 h - a +6 ring of intelligence (left claw)
 j - an amulet of magic regeneration (around neck)
 p - a ring of ice
 u - a ring of fire
Wands
 z - a wand of roots (10)
Scrolls
 d - a scroll of immolation {unknown}
 g - 2 scrolls of enchant weapon {unknown}
 n - a scroll of fear {unknown}
 o - 3 scrolls of identify {unknown}
 s - 2 scrolls of enchant armour {unknown}
 t - a scroll of fog {unknown}
 w - 2 scrolls of vulnerability {unknown}
 y - a scroll of torment {unknown}
 A - 2 scrolls of brand weapon {unknown}
 D - a scroll of acquirement {unknown}
Potions
 c - a potion of might
 e - 3 potions of flight {unknown}
 f - 2 potions of lignification {unknown}
 l - 2 potions of cancellation {unknown}
 q - 2 potions of brilliance {unknown}
 r - a potion of invisibility {unknown}
 v - a potion of ambrosia {unknown}
 B - 2 potions of haste {unknown}


   Skills:
 + Level 3.2 Fighting
 + Level 1.4 Ranged Weapons
 + Level 2.0 Throwing
 - Level 2.4 Dodging
 + Level 3.5 Shields
 - Level 7.0 Unarmed Combat


You had 6 spell levels left.
You didn't know any spells.
Your spell library was empty.

Dungeon Overview and Level Annotations

Branches:
Dungeon (5/15)            Ossuary (1/1)
 Temple: D:4-7

Altars:
Trog
Zin


Innate Abilities, Weirdness & Mutations

You are too large for most types of armour.
You have claws for hands.
Your natural rate of healing is unusually fast.
You are covered in fur. (AC +1)
You have tough skin. (AC +1)


Message History

The mummy hits you!
You closely miss the adder zombie.
The adder zombie is almost destroyed.
You block the adder zombie's attack.
Unknown command.
You claw the adder zombie!
You destroy the adder zombie!
You block the mummy's attack.
You claw the hobgoblin zombie!
You destroy the hobgoblin zombie!
A human zombie comes into view.
A hobgoblin zombie comes into view.
The mummy hits you.
Unknown command.
You barely miss the elf zombie. The elf zombie barely misses you.
You scratch the elf zombie.
The elf zombie is lightly damaged.
The mummy hits you! The elf zombie hits you!
You claw the elf zombie!
The elf zombie is lightly damaged.
You scratch the elf zombie.
The elf zombie is moderately damaged.
The elf zombie barely misses you. The mummy barely misses you.
Unknown command.
You scratch the elf zombie.
The elf zombie is moderately damaged.
The elf zombie hits you. The mummy hits you!
You mangle the elf zombie!!
The elf zombie is heavily damaged.
The elf zombie barely misses you.
You scratch the elf zombie.
The elf zombie is heavily damaged.
The mummy hits you!
* * * LOW HITPOINT WARNING * * *
You block the elf zombie's attack.
You claw the elf zombie!
The elf zombie is severely damaged.
The elf zombie hits you.
* * * LOW HITPOINT WARNING * * *
The mummy hits you!
You die...

#....................#
#....................#
#........8..8........#
#....................#
#...######.^######...#
#...# #.^# #...# #...#
#..# #...#
#...#Z####ZZ####.#...#
#...#ZZZ@MZZ.....#...#
#...#Z####ZZ.....#...#
#...# #.......#...#
#...# #.......#...#
#...# #.∩.....#...#
#...# ....+####...#
#...# #...# #...#
#...# ...# #...#
#...##############...#


You could see a mummy, 2 hobgoblin zombies, 2 kobold zombies, an orc zombie, an
elf zombie, 3 centaur zombies and 2 human zombies.

Vanquished Creatures
  Menkaure (D:4)
  An ogre (D:4)
  A phantom (D:4)
  Blork the orc (D:4)
  A jelly (D:2)
  An orc priest (D:4)
  3 hounds (D:4)
  A sleepcap (D:4)
  A mummy (Ossuary)
  4 gnolls (D:5)
  6 adders
  A shadow imp (D:5)
  2 white imps
  2 ufetubi (D:5)
  An adder zombie (Ossuary)
  3 worms
  A dart slug (D:2)
  8 orcs (D:4)
  10 bats
  6 endoplasms
  A giant cockroach (D:4)
  6 goblins
  6 hobgoblins
  5 jackals
  2 kobolds
  7 ball pythons
  A frilled lizard (D:3)
  7 hobgoblin zombies (Ossuary)
  A jackal zombie (Ossuary)
  8 kobold zombies (Ossuary)
  6 orc zombies (Ossuary)
  7 rats
112 creatures vanquished.

Vanquished Creatures (others)
  2 demonic plants (D:5)
2 creatures vanquished.

Grand Total: 114 creatures vanquished

Notes
Turn   | Place    | Note
-------+----------+-------------------------------------------
     0 | D:1      | mopl the Troll Fighter began the quest for the Orb.
     0 | D:1      | Reached XP level 1. HP: 22/22 MP: 0/0
    73 | D:1      | Reached XP level 2. HP: 25/29 MP: 1/1
   196 | D:1      | Reached skill level 3 in Unarmed Combat
   467 | D:2      | Reached XP level 3. HP: 35/36 MP: 2/2
   521 | D:2      | Reached skill level 4 in Unarmed Combat
   657 | D:2      | Reached XP level 4. HP: 43/44 MP: 3/3
   722 | D:2      | Found a faded altar of an unknown god.
   825 | D:2      | Found a bloodstained altar of Trog.
  1105 | D:3      | Reached skill level 5 in Unarmed Combat
  1727 | D:4      | Reached XP level 5. HP: 50/50 MP: 4/4
  1767 | D:4      | Noticed Menkaure
  1779 | D:4      | Killed Menkaure
  1780 | D:4      | Reached skill level 6 in Unarmed Combat
  1780 | D:4      | Reached XP level 6. HP: 20/59 MP: 5/5
  1923 | D:4      | Reached skill level 7 in Unarmed Combat
  1991 | D:4      | Noticed Blork the orc
  1999 | D:4      | Killed Blork the orc
  2000 | D:4      | Reached skill level 1 in Throwing
  2000 | D:4      | Reached skill level 3 in Shields
  2000 | D:4      | Reached XP level 7. HP: 58/66 MP: 6/6
  2405 | D:4      | Reached skill level 1 in Ranged Weapons
  2432 | D:4      | Reached skill level 3 in Fighting
  2563 | D:5      | Entered Level 5 of the Dungeon
  2582 | D:5      | Found a glowing silver altar of Zin.
  2677 | D:5      | Found a sand-covered staircase.
  2701 | Ossuary  | Entered an ossuary
  2798 | Ossuary  | Reached skill level 2 in Throwing
  2821 | Ossuary  | Mangled by a mummy

Illustrated notes

Levels and vault maps discovered:
D:1:      lemuel_arrival_room, layout_rooms, nrook_campfire, nrook_uturn
D:2:      layout_rooms, basic_altar, nicolae_ecumenical_lake_church,
          minmay_split_cup_small
D:3:      layout_loops_ring
D:4:      layout_gridville, uniq_blork_the_orc, uniq_menkaure
D:5:      layout_loops_ring, nicolae_overflow_crystal_walls, serial_demonic,
          serial_demonic_c, serial_demonic_c, serial_demonic_e,
          serial_demonic_a, enter_ossuary_1
Ossuary:  ossuary_tomb_1

Skill      XL: |  1  2  3  4  5  6  7 |
---------------+----------------------+-----
Unarmed Combat | 3 4 5 6 7 |  7.0
Throwing       | 1 2 |  2.0
Shields        | 3 |  3.5
Ranged Weapons | 1 |  1.4
Fighting       | 3 |  3.2
Dodging        | |  2.4

Action                     |  1- 3 |  4- 6 |  7- 9 || total
---------------------------+-------+-------+-------++-------
  Melee: Unarmed           |    80 |    91 |   118 ||   289
   Stab: Sleeping          |     1 |       |       ||     1
 Armour: Robe              |    27 |    22 |    20 ||    69
  Dodge: Dodged            |    29 |    32 |    20 ||    81
         Repelled          |       |     1 |       ||     1
  Block: Kite shield       |    33 |    37 |    31 ||   101

Table legend: (Time is in decaauts)
 A = Elapsed time spent in this place.
 B = Non-inter-level travel time spent in this place.
 C = Inter-level travel time spent in this place.
 D = Time resting spent in this place.
 E = Time spent auto-exploring this place.
 F = Levels seen in this place.
 G = Mean time per level.
                   A        B        C        D        E       F      G
               +--------+--------+--------+--------+--------+-----+--------+
         Total |   2827 |   2727 |    100 |     77 |   1946 |   6 |  471.2 |
       Dungeon |   2707 |   2607 |    100 |     77 |   1927 |   5 |  541.4 |
       Ossuary |    119 |    119 |      0 |      0 |     19 |   1 |  119.0 |
               +--------+--------+--------+--------+--------+-----+--------+

Top non-repeatable levels by time:
     D:4: 899 daAuts
     D:3: 653 daAuts
     D:2: 557 daAuts
     D:1: 459 daAuts
     D:5: 137 daAuts
 Ossuary: 119 daAuts
